cohdb
Replays
Latest Replays
All Replays
Popular Replays
Top Player Replays
Match Explorer
How It Works
Community
CoH3 Stats
Reddit
Sign in to upload your games and track your stats! →
Sign in with Steam
My lovely antikafe hold the line
Match 27015232
Overview
Messages
Build Orders
End
Construct Infanterie Kompanie
Selects Italian Coastal Battlegroup
Selects Coastal Reserves
Pioneer Squad
Grenadier Squad
Coastal Reserve
MG 42 Machine Gun Team
Coastal Reserve
Selects Artillery Officer
Medical Station
Artillery Officer
Construct Panzergrenadier Kompanie
Selects Support Bunkers
Selects Designated Artillery Overwatch
Pak 40 Anti-tank Gun Team
Construct Panzer Kompanie
Selects Call the Reserves!
Pak 40 Anti-tank Gun Team
Selects Obice da 210/22 Artillery Emplacement
MG 42 Bunker
Medical Bunker
Sturmpanzer IV Brummbär
Stoßtruppen Squad
Pak 40 Anti-tank Gun Team
Panzer IV Medium Tank
Panzer Officer Quarters
Side Skirts
MG 42 Bunker
Designated Artillery Overwatch
Anticafe
Onkor
wide
Coastin
0
0
Comments
sign in to comment!
No comments posted yet!